[Event "Titled Tuesday Blitz June 13 Early 2023"]
[White "Dixit, Nikhil"]
[Black "Tari, Aryan"]
[WhiteFideId "5059534"]
[BlackFideId "1510045"]
[WhiteElo "2207"]
[BlackElo "2586"]
[Result "0-1"]
[Round "4"]
[TimeControl "180+2"]
[Date "2023.06.13"]
[WhiteClock "0:00:15"]
[BlackClock "0:00:43"]
[Board "43"]

1. e4 e5 2. Nf3 Nc6 3. Nc3 Nf6 4. d4 exd4 5. Nxd4 Bb4 6. Nxc6 bxc6 7. Bd3 d5 8. exd5 O-O 9. O-O cxd5 10. Bg5 Be7 11. Bxf6 Bxf6 12. Qh5 g6 13. Qxd5 Rb8 14. Qxd8 Rxd8 15. Rab1 Be6 16. a3 Bxc3 17. bxc3 Rb6 18. Rb4 Rc6 19. Ra4 Rxc3 20. Rxa7 c5 21. h4 Rd4 22. h5 Kg7 23. hxg6 hxg6 24. Re1 Bd5 25. Rc7 c4 26. a4 Ra3 27. Bf1 Rd2 28. Rd7 c3 29. Ree7 Ra1 30. a5 Bc4 0-1


[Site "https://www.chess.com"]

[Event "Titled Tuesday Blitz June 13 Early 2023"]
[White "Kezin, Roman"]
[Black "Ahmad, Khagan"]
[WhiteFideId "24124621"]
[BlackFideId "13431552"]
[WhiteElo "2504"]
[BlackElo "2209"]
[Result "0-1"]
[Round "4"]
[TimeControl "180+2"]
[Date "2023.06.13"]
[WhiteClock "0:00:00"]
[BlackClock "0:00:04"]
[Board "44"]

1. b3 d5 2. Bb2 Nc6 3. e3 e5 4. Bb5 e4 5. c4 a6 6. Bxc6+ bxc6 7. Nc3 Nf6 8. Nge2 Bd6 9. d3 exd3 10. Qxd3 O-O 11. O-O-O dxc4 12. Qxc4 Rb8 13. Nd4 Rb4 14. Qe2 Qe8 15. Rd2 c5 16. Nc2 Rb8 17. Na3 Ne4 18. Nxe4 Qxe4 19. f3 Qb7 20. Nc4 Be6 21. Rhd1 Be7 22. Bc3 Qb5 23. Na5 Bd6 24. Qxb5 axb5 25. Nc6 Rb6 26. Ne5 f6 27. Nd3 c4 28. bxc4 Bxc4 29. Nb4 Ra8 30. g3 Ra4 31. Rb2 c5 32. Nd5 Bxd5 33. Rxd5 b4 34. e4 Kf7 35. Be1 Be5 36. Rc2 c4 37. Rxc4 Rxa2 38. Bxb4 Rba6 39. Rd7+ Kg6 40. Bc3 Bxc3 41. Rxc3 Rxh2 42. Rc2 Ra1+ 43. Kb2 Ra2+ 44. Kxa2 Rxc2+ 45. Kb3 Rg2 46. g4 Rg3 47. Rd3 Kg5 48. Kc4 Kf4 49. Rd7 g5 50. Rxh7 Rxf3 51. Kd5 Kxg4 52. Ke6 Rf4 53. Kd5 Kg3 54. Rh6 g4 55. Rg6 Kf3 56. Rh6 g3 57. Rg6 g2 58. e5 fxe5 59. Kxe5 Rg4 60. Rf6+ Ke3 0-1


[Site "https://www.chess.com"]

[Event "Titled Tuesday Blitz June 13 Early 2023"]
[White "Timofeev, Artyom"]
[Black "Zhao, Erick"]
[WhiteFideId "4140419"]
[BlackFideId "30946930"]
[WhiteElo "2570"]
[BlackElo "2585"]
[Result "1-0"]
[Round "4"]
[TimeControl "180+2"]
[Date "2023.06.13"]
[WhiteClock "0:00:41"]
[BlackClock "0:00:14"]
[Board "45"]

1. c4 d5 2. cxd5 c6 3. dxc6 Nxc6 4. Nc3 Nf6 5. g3 e5 6. Bg2 Bc5 7. d3 O-O 8. Nf3 e4 9. Nxe4 Nxe4 10. dxe4 Qxd1+ 11. Kxd1 Bxf2 12. e3 f5 13. e5 f4 14. gxf4 Bg4 15. Ke2 Bh4 16. Bd2 Rae8 17. b4 g5 18. b5 Nd8 19. Rhg1 Kh8 20. Kd3 Bxf3 21. Bxf3 gxf4 22. exf4 Ne6 23. Rg4 Bg5 24. Ke4 Rd8 25. Be3 Bxf4 26. Bxf4 Rd4+ 27. Ke3 Rdxf4 28. Rxf4 Nxf4 29. Bxb7 Ng6 30. e6 Re8 31. Bd5 Nf8 32. Kd4 Nxe6+ 33. Bxe6 Rxe6 34. a4 Rh6 35. Ra2 Kg7 36. Kc5 Kf7 37. Re2 a5 38. b6 Rh4 39. Kb5 1-0


[Site "https://www.chess.com"]

[Event "Titled Tuesday Blitz June 13 Early 2023"]
[White "Zemlyanskii, Ivan"]
[Black "Moksh Amit Doshi"]
[WhiteFideId "24249971"]
[BlackFideId "25064967"]
[WhiteElo "2421"]
[BlackElo "2297"]
[Result "1-0"]
[Round "4"]
[TimeControl "180+2"]
[Date "2023.06.13"]
[WhiteClock "0:00:37"]
[BlackClock "0:00:16"]
[Board "46"]

1. d4 Nf6 2. c4 g6 3. h4 c5 4. d5 d6 5. Nc3 e6 6. e4 exd5 7. exd5 Bg7 8. Be2 h5 9. Bg5 Nbd7 10. Qd2 Ne5 11. Nf3 Nxf3+ 12. Bxf3 Qe7+ 13. Kf1 O-O 14. Qf4 Bf5 15. Re1 Bd3+ 16. Be2 Rfe8 17. Rh3 Bf5 18. Re3 Qd7 19. Bd1 Rxe3 20. Rxe3 Re8 21. Ba4 Rxe3 22. Bxd7 Bd3+ 23. Kg1 Re1+ 24. Kh2 Nxd7 25. Qd2 Bxc3 26. bxc3 1-0


[Site "https://www.chess.com"]

[Event "Titled Tuesday Blitz June 13 Early 2023"]
[White "Beerdsen, Thomas"]
[Black "Portela Peleteiro, Alberto"]
[WhiteFideId "1030108"]
[BlackFideId "22276106"]
[WhiteElo "2553"]
[BlackElo "2353"]
[Result "1-0"]
[Round "4"]
[TimeControl "180+2"]
[Date "2023.06.13"]
[WhiteClock "0:01:45"]
[BlackClock "0:01:04"]
[Board "47"]

1. a4 c5 2. Ra3 Nc6 3. Rg3 g6 4. e3 Bg7 5. h4 h5 6. Nh3 d5 7. Ng5 Nf6 8. b3 Qc7 9. Bb2 Bg4 10. Be2 Bxe2 11. Qxe2 Nb4 12. O-O O-O 13. f4 Ng4 14. Bxg7 Kxg7 15. Nc3 e6 16. d3 a6 17. e4 d4 18. Nd1 b5 19. Rxg4 hxg4 20. Qxg4 Rh8 21. f5 exf5 22. exf5 Qe5 23. fxg6 fxg6 24. Qd7+ 1-0


[Site "https://www.chess.com"]

[Event "Titled Tuesday Blitz June 13 Early 2023"]
[White "Horvath, Dominik"]
[Black "ATM622"]
[WhiteFideId "1642561"]
[WhiteElo "2407"]
[BlackElo "2571"]
[Result "0-1"]
[Round "4"]
[TimeControl "180+2"]
[Date "2023.06.13"]
[WhiteClock "0:00:13"]
[BlackClock "0:00:06"]
[Board "48"]

1. e4 c6 2. d4 d5 3. e5 c5 4. c3 e6 5. Nf3 Nc6 6. Be2 cxd4 7. cxd4 Bb4+ 8. Nc3 Nge7 9. O-O O-O 10. Bd3 h6 11. Ne2 Ba5 12. Ng3 Bb6 13. Nh5 Nf5 14. Bxf5 exf5 15. Bxh6 gxh6 16. Qd2 Kh7 17. Nf6+ Kg7 18. Rac1 Qe7 19. Nh5+ Kh7 20. Nf6+ Kg7 21. Nxd5 Qd8 22. Nf6 Nxd4 23. Nh5+ Kh7 24. Nf6+ Kg7 25. Nxd4 Qxd4 26. Qe2 Be6 27. Rc3 Rh8 28. Rd1 Qb4 29. Rg3+ Kf8 30. a3 Qc4 31. Qd2 Qc5 32. h3 Qxe5 33. Nh5 f4 34. Nxf4 Rg8 35. Rf3 Kg7 36. Re1 Qd4 37. Qc2 Rac8 38. Nh5+ Kh8 39. Qb1 Rg5 40. Nf6 Bd5 41. Nxd5 Qxd5 42. Kh1 Rcg8 43. Re4 Qd6 44. Qc1 Qg6 45. g3 Qxe4 46. Qc3+ Bd4 47. Qd3 Qxd3 48. Rxd3 Bb6 49. Rd7 Rf5 50. Kg2 Rxf2+ 51. Kg1 Rxg3+ 52. Kh1 Rxh3+ 53. Kg1 Rg3+ 54. Kh1 Re3 55. Rd1 Ree2 56. Kg1 Rd2 57. Rc1 Rc2 58. Re1 Rfe2+ 59. Kf1 Rxe1+ 60. Kxe1 h5 61. a4 Rxb2 62. a5 Bxa5+ 63. Kf1 h4 64. Kg1 h3 65. Kh1 Bd8 66. Kg1 a5 67. Kh1 a4 68. Kg1 a3 69. Kh1 a2 0-1


[Site "https://www.chess.com"]

[Event "Titled Tuesday Blitz June 13 Early 2023"]
[White "Camilla_Lee"]
[Black "Stribuk, Artiom"]
[BlackFideId "13515659"]
[WhiteElo "2567"]
[BlackElo "2303"]
[Result "1-0"]
[Round "4"]
[TimeControl "180+2"]
[Date "2023.06.13"]
[WhiteClock "0:00:18"]
[BlackClock "0:00:00"]
[Board "49"]

1. e4 c5 2. Nf3 d6 3. d4 cxd4 4. Nxd4 Nf6 5. Nc3 Nc6 6. Bc4 Qb6 7. Nb3 e6 8. Be3 Qc7 9. Be2 Be7 10. f4 a6 11. a4 b6 12. Qd2 Bb7 13. Bf3 O-O 14. Qf2 b5 15. Bb6 Qd7 16. axb5 axb5 17. Nxb5 Rxa1+ 18. Nxa1 Nb4 19. Nc3 d5 20. exd5 Nfxd5 21. Nxd5 Nxd5 22. Bd4 Qc7 23. O-O Qxf4 24. Nb3 Ba6 25. Ra1 Bc4 26. Nd2 Bf6 27. Bxf6 Nxf6 28. b3 Bd5 29. Bxd5 Qe5 30. Re1 Qxd5 31. Nf3 Rc8 32. c4 Qd3 33. Qe3 Qc2 34. Nd4 Qb2 35. Re2 Qa1+ 36. Re1 Qb2 37. Nb5 h6 38. Qc3 Qxc3 39. Nxc3 Nd7 40. Ne4 Kf8 41. Ra1 Ke7 42. Ra7 Kd8 43. Nc3 Rb8 44. Nb5 f6 45. Kf2 g5 46. Ke3 Nc5 47. b4 Nd7 48. Kd4 h5 49. Kc3 h4 50. Nd6 g4 51. c5 Ne5 52. b5 h3 53. gxh3 gxh3 54. c6 1-0


[Site "https://www.chess.com"]

[Event "Titled Tuesday Blitz June 13 Early 2023"]
[White "Shukhman, Anna"]
[Black "Rahman, Masruri"]
[WhiteFideId "54180058"]
[BlackFideId "7101163"]
[WhiteElo "2235"]
[BlackElo "2256"]
[Result "0-1"]
[Round "4"]
[TimeControl "180+2"]
[Date "2023.06.13"]
[WhiteClock "0:00:47"]
[BlackClock "0:01:40"]
[Board "50"]

1. e4 e6 2. d4 d5 3. Nc3 Bb4 4. e5 c5 5. a3 Bxc3+ 6. bxc3 Qc7 7. Qg4 f5 8. Qh5+ g6 9. Qd1 b6 10. Nf3 h6 11. Be2 Ba6 12. O-O Ne7 13. Bxa6 Nxa6 14. a4 Nb8 15. a5 bxa5 16. dxc5 Kf7 17. Nd4 a6 18. Nb3 Nbc6 19. f4 Rab8 20. Qd3 Rb5 21. c4 dxc4 22. Qxc4 Rd8 23. Bd2 Rxb3 24. cxb3 Rxd2 25. Rfd1 Qd7 26. Rxd2 Qxd2 27. Qxa6 Qd4+ 0-1


[Site "https://www.chess.com"]

[Event "Titled Tuesday Blitz June 13 Early 2023"]
[White "Perez Ponsa, Federico"]
[Black "Budrewicz, Krzysztof"]
[WhiteFideId "117927"]
[BlackFideId "1127950"]
[WhiteElo "2590"]
[BlackElo "2230"]
[Result "1-0"]
[Round "4"]
[TimeControl "180+2"]
[Date "2023.06.13"]
[WhiteClock "0:00:55"]
[BlackClock "0:00:38"]
[Board "51"]

1. e4 g6 2. d4 Bg7 3. Nf3 d6 4. Bc4 a6 5. O-O b5 6. Bb3 e6 7. c3 Bb7 8. Re1 Nd7 9. Nbd2 c5 10. Nf1 Ne7 11. Ng3 h6 12. h3 Qc7 13. Be3 Rc8 14. Qd2 Nb6 15. Rad1 cxd4 16. Bxd4 O-O 17. Bxg7 Kxg7 18. Qxd6 Nc4 19. Bxc4 bxc4 20. Qd4+ f6 21. Qd7 Kf7 22. Rd6 Qxd7 23. Rxd7 Bc6 24. Ra7 Ra8 25. Rxa8 Rxa8 26. Nd4 Bd7 27. e5 f5 28. Nf1 Rb8 29. Re2 Nd5 30. g3 g5 31. Ne3 Nxe3 32. fxe3 Ke7 33. Kf2 Rb6 34. Rd2 a5 35. b3 cxb3 36. axb3 Rb8 37. Ra2 Rc8 38. Rxa5 Rxc3 39. Ra7 Rc1 40. b4 Rb1 41. Ke2 h5 42. Kd3 h4 43. gxh4 gxh4 44. b5 Kd8 45. Kc4 Kc8 46. Kc5 Rb2 47. b6 Rb1 48. Rc7+ Kd8 49. Nc6+ Bxc6 50. Kxc6 Rb3 51. Rh7 Rxe3 52. b7 Rc3+ 53. Kd6 Rd3+ 54. Kxe6 Rb3 55. Kxf5 1-0


[Site "https://www.chess.com"]

[Event "Titled Tuesday Blitz June 13 Early 2023"]
[White "Lymar, Vladislav"]
[Black "Vakhlamov, Igor L."]
[WhiteFideId "14162180"]
[BlackFideId "24126748"]
[WhiteElo "2234"]
[BlackElo "2407"]
[Result "0-1"]
[Round "4"]
[TimeControl "180+2"]
[Date "2023.06.13"]
[WhiteClock "0:00:01"]
[BlackClock "0:00:08"]
[Board "52"]

1. d4 d5 2. c4 e6 3. cxd5 exd5 4. Nc3 c6 5. Bf4 Nf6 6. e3 Bf5 7. Bd3 Bg6 8. Nge2 Bd6 9. f3 O-O 10. Bxd6 Qxd6 11. e4 dxe4 12. fxe4 Ng4 13. Qd2 Nd7 14. h3 Nh6 15. O-O-O b5 16. e5 Qe7 17. g4 c5 18. Bxb5 cxd4 19. Bxd7 dxc3 20. Nxc3 Rfd8 21. Rhe1 Rab8 22. e6 fxe6 23. Bxe6+ Kh8 24. Qf4 Rxd1+ 25. Rxd1 Rf8 26. Qd6 Qg5+ 27. Qd2 Qe5 28. Bc4 Ng8 29. b3 Nf6 30. Qd4 Qh2 31. Rd2 Qxh3 32. g5 Nh5 33. Kb2 Qf5 34. Qxa7 Qxg5 35. Qd4 Nf6 36. a4 h5 37. Rh2 Ng4 38. Rg2 Rd8 39. Qb6 Rd2+ 40. Rxd2 Qxd2+ 41. Ka3 Kh7 42. Nd5 Ne5 43. Qe3 Qd1 44. a5 Qa1+ 45. Kb4 Nc6+ 46. Kc5 Nxa5 47. Nf4 Qf6 48. Nxg6 Kxg6 49. Bd3+ Kf7 50. b4 Nb7+ 51. Kb5 Nd6+ 52. Ka4 g5 53. b5 Qf4+ 54. Qxf4+ gxf4 55. b6 h4 56. Bf1 Kf6 57. Kb4 Ke5 58. Kc5 f3 59. Kc6 f2 60. Bh3 Nc4 61. b7 Na5+ 62. Kb6 Nxb7 63. Kxb7 Kf4 64. Kc6 Kg3 65. Bf1 h3 66. Kd5 h2 67. Bg2 Kxg2 0-1


[Site "https://www.chess.com"]

[Event "Titled Tuesday Blitz June 13 Early 2023"]
[White "Ilamparthi A R"]
[Black "Skawinski, Arkadiusz"]
[WhiteFideId "45015775"]
[BlackFideId "1126415"]
[WhiteElo "2348"]
[BlackElo "2218"]
[Result "1-0"]
[Round "4"]
[TimeControl "180+2"]
[Date "2023.06.13"]
[WhiteClock "0:00:16"]
[BlackClock "0:00:00"]
[Board "53"]

1. e4 e6 2. d3 d5 3. Nd2 Nf6 4. Ngf3 Nc6 5. c3 a5 6. e5 Nd7 7. d4 f6 8. Bb5 fxe5 9. Nxe5 Ncxe5 10. dxe5 c6 11. Bd3 Qh4 12. Nf3 Qh5 13. Bf4 Be7 14. Qd2 O-O 15. Bg3 Nc5 16. O-O-O Bd7 17. Bc2 Rxf3 18. gxf3 Qxf3 19. Rhg1 Be8 20. Kb1 Bh5 21. Rde1 b5 22. Qd4 b4 23. Bh4 Bf8 24. Bf6 Bg6 25. Bxg6 hxg6 26. Bg5 Rb8 27. c4 Ne4 28. Be3 Bc5 29. Qd3 Bxe3 30. Rxe3 Qxf2 31. Rc1 Nd2+ 32. Ka1 Nxc4 33. Re2 Qf4 34. Rec2 a4 35. Rf1 Qxe5 36. Qxg6 b3 37. Qf7+ Kh7 38. Rg2 bxa2 39. Rf3 1-0


[Site "https://www.chess.com"]

[Event "Titled Tuesday Blitz June 13 Early 2023"]
[White "Mahdavi, Reza"]
[Black "Deng, Henry"]
[WhiteFideId "12595926"]
[BlackFideId "30965454"]
[WhiteElo "2395"]
[BlackElo "2559"]
[Result "0-1"]
[Round "4"]
[TimeControl "180+2"]
[Date "2023.06.13"]
[WhiteClock "0:00:15"]
[BlackClock "0:00:26"]
[Board "54"]

1. e4 c5 2. Nf3 e6 3. d4 cxd4 4. Nxd4 Nf6 5. Nc3 Nc6 6. Nxc6 bxc6 7. Bd3 d5 8. O-O Be7 9. b3 O-O 10. Qe2 Re8 11. Bb2 e5 12. exd5 cxd5 13. Rad1 Qa5 14. a4 e4 15. Bb5 Rd8 16. Qd2 Bb4 17. Qe3 Bg4 18. Rc1 d4 19. Qg3 dxc3 20. Ba1 a6 21. Bc4 Rd2 22. h3 Be2 23. Bxe2 Rxe2 24. Rfd1 Bc5 25. Bxc3 Qb6 26. Be1 e3 27. f3 Rxc2 28. Rxc2 e2+ 29. Rd4 Bxd4+ 30. Kh1 Re8 31. f4 h6 32. Qf3 Qe6 33. Qd3 Qe3 34. Qxe3 Rxe3 35. b4 Ne4 36. b5 axb5 37. axb5 Bc3 38. b6 Bxe1 39. b7 Rb3 40. Rc8+ Kh7 41. b8=Q 0-1


[Site "https://www.chess.com"]

[Event "Titled Tuesday Blitz June 13 Early 2023"]
[White "Sattarov, Bobir"]
[Black "Omelja, Artem"]
[WhiteFideId "14203081"]
[BlackFideId "14119846"]
[WhiteElo "2351"]
[BlackElo "2404"]
[Result "1/2-1/2"]
[Round "4"]
[TimeControl "180+2"]
[Date "2023.06.13"]
[WhiteClock "0:00:27"]
[BlackClock "0:01:11"]
[Board "55"]

1. e4 e5 2. Nf3 Nc6 3. Bc4 Bc5 4. Nc3 Nf6 5. d3 d6 6. Na4 Na5 7. Nxc5 Nxc4 8. dxc4 dxc5 9. Qxd8+ Kxd8 10. Bg5 Re8 11. O-O-O+ Bd7 12. Rd5 Kc8 13. Rxe5 Nxe4 14. Rxe8+ Bxe8 15. Re1 Bc6 16. Be3 f6 17. Nd2 Nxd2 18. Kxd2 b6 19. g3 Kb7 20. h4 Rd8+ 21. Kc3 1/2-1/2


[Site "https://www.chess.com"]

[Event "Titled Tuesday Blitz June 13 Early 2023"]
[White "Pinheiro, Iung Alicio de O."]
[Black "Atakhan, Abtin"]
[WhiteFideId "2104350"]
[BlackFideId "22502203"]
[WhiteElo "2283"]
[BlackElo "2008"]
[Result "0-1"]
[Round "4"]
[TimeControl "180+2"]
[Date "2023.06.13"]
[WhiteClock "0:00:00"]
[BlackClock "0:00:17"]
[Board "56"]

1. e4 c5 2. Nc3 Nc6 3. Bb5 Nd4 4. Bc4 e6 5. Nge2 a6 6. Nxd4 cxd4 7. Ne2 Nf6 8. d3 d5 9. exd5 b5 10. Bb3 e5 11. O-O Nxd5 12. f4 Bc5 13. fxe5 O-O 14. Ng3 Bb7 15. Qg4 Qe7 16. Nf5 Qxe5 17. Bh6 Ne3 18. Qxg7+ Qxg7 19. Bxg7 Rfe8 20. Bxd4 Bxd4 21. Nxd4 Nxf1 22. Rxf1 Re7 23. Nf5 Rd7 24. Nh6+ Kg7 25. Nxf7 Re8 26. Ng5 Re2 27. Rf2 Rde7 28. Nf3 R2e3 29. h3 a5 30. a4 Bc6 31. axb5 Bxb5 32. Kh2 a4 33. Bd5 Rd7 34. Nd4 Rxd5 35. Nf5+ Rxf5 36. Rxf5 Bd7 37. Rd5 Be8 38. Rd4 Kf6 39. c4 Re2 40. Rd6+ Ke7 0-1


[Site "https://www.chess.com"]

[Event "Titled Tuesday Blitz June 13 Early 2023"]
[White "Zavgorodniy, Sergiy"]
[Black "Gadimbayli, Abdulla"]
[WhiteFideId "14110148"]
[BlackFideId "13404938"]
[WhiteElo "2402"]
[BlackElo "2386"]
[Result "0-1"]
[Round "4"]
[TimeControl "180+2"]
[Date "2023.06.13"]
[WhiteClock "0:01:14"]
[BlackClock "0:01:23"]
[Board "57"]

1. d4 d5 2. c4 e5 3. dxe5 d4 4. Nf3 Nc6 5. g3 Nge7 6. Bg2 Ng6 7. Bg5 Qd7 8. O-O h6 9. Bc1 Ngxe5 10. Nbd2 Be7 11. Nxe5 Nxe5 12. Nf3 Nxf3+ 13. Bxf3 O-O 14. e3 Bf6 15. exd4 Bxd4 16. Be3 Bxe3 17. fxe3 Qe7 18. Qe2 c6 19. Rad1 Bh3 20. Bg2 Bxg2 21. Kxg2 Rfe8 22. Rfe1 Qe4+ 23. Kg1 Re7 24. Rd4 Qe5 25. Qd3 Rae8 26. Rd8 Qxb2 27. Rxe8+ Rxe8 28. Rb1 Qxa2 29. Rxb7 a5 30. Qd7 Rf8 31. Qxc6 a4 32. Ra7 a3 33. Ra8 Qb1+ 34. Kg2 Qb2+ 35. Kh3 Rxa8 36. Qxa8+ Kh7 37. Qe4+ g6 38. Qe7 a2 39. Qxf7+ Qg7 0-1


[Site "https://www.chess.com"]

[Event "Titled Tuesday Blitz June 13 Early 2023"]
[White "Maximov, Dmitry"]
[Black "Parondo, Rolly"]
[WhiteFideId "14105659"]
[BlackFideId "5217407"]
[WhiteElo "2494"]
[BlackElo "2141"]
[Result "1-0"]
[Round "4"]
[TimeControl "180+2"]
[Date "2023.06.13"]
[WhiteClock "0:02:05"]
[BlackClock "0:01:36"]
[Board "58"]

1. e4 c5 2. Nf3 g6 3. c3 Bg7 4. d4 cxd4 5. cxd4 d5 6. e5 Bg4 7. Bb5+ Nd7 8. O-O e6 9. Nbd2 Ne7 10. h3 Bxf3 11. Nxf3 h6 12. Bd3 Rc8 13. Be3 O-O 14. Qd2 Kh7 15. h4 Nf5 16. h5 Nb8 17. Kh2 Nc6 18. hxg6+ fxg6 19. Rh1 Ncxd4 20. Nxd4 Nxd4 21. Bxd4 1-0


[Site "https://www.chess.com"]

[Event "Titled Tuesday Blitz June 13 Early 2023"]
[White "Arat, Ufuk Sezen"]
[Black "Aradhya, Garg"]
[WhiteFideId "6309089"]
[BlackFideId "25006746"]
[WhiteElo "2289"]
[BlackElo "2263"]
[Result "1-0"]
[Round "4"]
[TimeControl "180+2"]
[Date "2023.06.13"]
[WhiteClock "0:00:19"]
[BlackClock "0:00:04"]
[Board "59"]

1. e4 e5 2. Nf3 Nc6 3. Bb5 a6 4. Ba4 Bc5 5. O-O d6 6. c3 Bd7 7. d4 Ba7 8. Bg5 Nf6 9. Re1 h6 10. Be3 O-O 11. Nbd2 Re8 12. d5 Ne7 13. Bxa7 Rxa7 14. Bc2 Ng6 15. Nf1 Nf4 16. Ng3 a5 17. Ne2 N6h5 18. Nxf4 Nxf4 19. g3 Ng6 20. Bd3 Qf6 21. Bf1 a4 22. a3 c6 23. c4 c5 24. h4 Bg4 25. Be2 Bxf3 26. Bxf3 Rb8 27. h5 Nf8 28. b4 axb3 29. Qxb3 g6 30. hxg6 fxg6 31. Bg2 b6 32. Re3 h5 33. Bh3 Rf7 34. Rf1 h4 35. Qd1 b5 36. cxb5 Rxb5 37. Qg4 Rb2 38. Re2 Rb3 39. Re3 Rb2 40. Re2 Rxe2 41. Qxe2 hxg3 42. fxg3 Qg5 43. Kg2 Rxf1 44. Qxf1 Qd2+ 45. Kh1 Qe3 46. Be6+ Nxe6 47. dxe6 Qh6+ 48. Kg2 Qd2+ 49. Qf2 Qh6 50. e7 Kh7 51. Qf7+ Qg7 52. Qxg7+ Kxg7 53. e8=Q Kh6 54. Kh3 Kg5 55. Qe7+ Kh6 56. Kg4 c4 57. Qf8+ Kh7 58. Kg5 c3 59. Kf6 c2 60. Qg7# 1-0


[Site "https://www.chess.com"]

[Event "Titled Tuesday Blitz June 13 Early 2023"]
[White "Malyi, Viacheslav"]
[Black "Pakleza, Zbigniew"]
[WhiteFideId "14123983"]
[BlackFideId "1119290"]
[WhiteElo "2291"]
[BlackElo "2410"]
[Result "1/2-1/2"]
[Round "4"]
[TimeControl "180+2"]
[Date "2023.06.13"]
[WhiteClock "0:00:07"]
[BlackClock "0:00:03"]
[Board "60"]

1. e4 d6 2. d4 Nf6 3. Nc3 c6 4. Nf3 Bg4 5. h3 Bh5 6. Be2 e6 7. O-O d5 8. e5 Nfd7 9. Nh2 Bg6 10. Be3 c5 11. f4 Nc6 12. Nf3 Be7 13. Qd2 O-O 14. Na4 cxd4 15. Nxd4 Rc8 16. Bd3 Bxd3 17. cxd3 Nc5 18. Nxc5 Bxc5 19. Nxc6 Rxc6 20. Bxc5 Rxc5 21. Rfc1 Qb6 22. Rxc5 Qxc5+ 23. d4 Qb6 24. Rc1 h6 25. Kh2 f6 26. Rc5 fxe5 27. fxe5 Qd8 28. Qe1 Rf4 29. Qc1 Qg5 30. Rc8+ Kh7 31. Qc2+ Qf5 32. Qxf5+ exf5 33. e6 Re4 34. Rd8 Rxe6 35. Rxd5 Kg6 36. Rd7 Rb6 37. b3 Kf6 38. Kg3 g5 39. Kf3 Ke6 40. Rh7 Kd5 41. Rd7+ Ke6 42. Rh7 Kd5 43. Rd7+ Kc6 44. Rh7 Kb5 45. Ke3 a5 46. Kd3 Kb4 47. Rc7 Ka3 48. Rc2 Rd6 49. g3 b6 50. Ke3 h5 51. Kd3 h4 52. gxh4 gxh4 53. Ke3 Rg6 54. d5 Rg3+ 55. Kf4 Rxh3 56. Rd2 Rg3 57. d6 Rg8 58. Kxf5 h3 59. Ke6 Rg6+ 60. Ke7 Rg7+ 61. Ke6 Rg6+ 62. Ke7 Rg7+ 63. Ke6 Rg6+ 1/2-1/2


[Site "https://www.chess.com"]

[Event "Titled Tuesday Blitz June 13 Early 2023"]
[White "Vovk, Orest"]
[Black "Kozak, Antoni"]
[WhiteFideId "14113490"]
[BlackFideId "21832030"]
[WhiteElo "2215"]
[BlackElo "2470"]
[Result "1-0"]
[Round "4"]
[TimeControl "180+2"]
[Date "2023.06.13"]
[WhiteClock "0:00:45"]
[BlackClock "0:00:00"]
[Board "61"]

1. g4 d6 2. Bg2 g6 3. h3 Bg7 4. d4 e6 5. Nf3 Ne7 6. Nc3 Nd7 7. Bf4 Rb8 8. Qd2 h6 9. O-O-O b5 10. e4 b4 11. Ne2 Ba6 12. g5 h5 13. Nh4 Nb6 14. b3 Qd7 15. Be3 Qb5 16. Nf4 Qa5 17. Kb1 Nc4 18. Qc1 Na3+ 19. Ka1 c5 20. Qb2 Nc6 21. e5 d5 22. Nhxg6 cxd4 23. Bxd4 Nxd4 24. Rxd4 fxg6 25. Nxe6 Bxe5 26. Re1 Bxd4 27. Nxd4+ Kd7 28. Re7+ Kxe7 29. Nc6+ Kd7 30. Nxa5 Rhe8 31. Qg7+ Re7 32. Qxe7+ Kxe7 33. Nc6+ Kd6 34. Nxb8 Bb5 35. Kb2 d4 36. Be4 Kc7 37. h4 Kxb8 38. Bxg6 Bd7 39. Bxh5 Nb5 40. Bg6 Nd6 41. h5 Bf5 42. Bxf5 Nxf5 43. h6 Nh4 44. h7 Ng6 45. f4 Kc7 46. f5 Nh8 47. g6 Kd6 48. g7 d3 49. cxd3 1-0


[Site "https://www.chess.com"]

[Event "Titled Tuesday Blitz June 13 Early 2023"]
[White "Shevtchenko, Olesya"]
[Black "Klukin, Kirill"]
[WhiteFideId "24131890"]
[BlackFideId "24199273"]
[WhiteElo "2003"]
[BlackElo "2344"]
[Result "0-1"]
[Round "4"]
[TimeControl "180+2"]
[Date "2023.06.13"]
[WhiteClock "0:00:00"]
[BlackClock "0:00:10"]
[Board "62"]

1. e4 c5 2. Nc3 Nc6 3. Bb5 Nd4 4. Bc4 e6 5. Nf3 Nf6 6. O-O a6 7. d3 b5 8. Bb3 Be7 9. Nxd4 cxd4 10. Ne2 Qb6 11. c3 dxc3 12. bxc3 O-O 13. e5 Nd5 14. Bxd5 exd5 15. Be3 Qc7 16. Bd4 d6 17. f4 dxe5 18. fxe5 Bc5 19. Qd2 Bg4 20. Bxc5 Qxc5+ 21. Nd4 b4 22. Rac1 Rac8 23. Qf4 Be2 24. cxb4 Qa7 25. Rxc8 Rxc8 26. Rf2 Bxd3 27. e6 fxe6 28. Nxe6 Qe7 29. Qe3 Bb5 30. Rf5 d4 31. Qe5 Rc1+ 32. Kf2 Rf1+ 33. Kg3 Rxf5 34. Qxf5 Bd7 0-1


[Site "https://www.chess.com"]

[Event "Titled Tuesday Blitz June 13 Early 2023"]
[White "Albornoz Cabrera, Carlos Daniel"]
[Black "Parpiev, Isaak"]
[WhiteFideId "3518736"]
[BlackFideId "34281576"]
[WhiteElo "2540"]
[BlackElo "2167"]
[Result "1-0"]
[Round "4"]
[TimeControl "180+2"]
[Date "2023.06.13"]
[WhiteClock "0:00:38"]
[BlackClock "0:00:01"]
[Board "63"]

1. d4 Nf6 2. c4 g6 3. Nc3 Bg7 4. e4 O-O 5. Be2 d6 6. Nf3 e5 7. O-O Nc6 8. d5 Ne7 9. b4 Nh5 10. Re1 Nf4 11. Bxf4 exf4 12. Rc1 h6 13. Bf1 g5 14. e5 Bg4 15. e6 fxe6 16. dxe6 a5 17. b5 Rf6 18. h3 Bxe6 19. Nd4 Bd7 20. Nd5 Rf7 21. Ne6 Bxe6 22. Rxe6 Qd7 23. Qg4 Nf5 24. Rce1 Raf8 25. Bd3 Nd4 26. Ne7+ Rxe7 27. Rxe7 Qxg4 28. hxg4 f3 29. Rxc7 fxg2 30. Kxg2 Be5 31. Bf5 Nxf5 32. gxf5 Rxf5 33. c5 dxc5 34. Rxb7 Bd4 35. Re8+ Rf8 36. Rxf8+ Kxf8 37. Rc7 Ke8 38. b6 Kd8 39. Rc6 c4 40. b7 Be5 41. Rxc4 Bc7 42. Rc6 Kd7 43. Rxh6 Bb8 44. Rg6 Kc7 45. Rxg5 Kxb7 46. Rxa5 1-0


[Site "https://www.chess.com"]

[Event "Titled Tuesday Blitz June 13 Early 2023"]
[White "Chos, Alexey"]
[Black "Starozhilov, Leonid"]
[WhiteFideId "14117762"]
[BlackFideId "14106752"]
[WhiteElo "2234"]
[BlackElo "2352"]
[Result "1-0"]
[Round "4"]
[TimeControl "180+2"]
[Date "2023.06.13"]
[WhiteClock "0:00:54"]
[BlackClock "0:00:01"]
[Board "64"]

1. b3 d5 2. Bb2 Bg4 3. g3 e6 4. Bg2 Nf6 5. h3 Bh5 6. Nf3 a5 7. O-O Nbd7 8. c4 c6 9. d3 Bc5 10. Nbd2 Qc7 11. Rc1 Qb6 12. a3 O-O 13. Rb1 Rfe8 14. d4 Bf8 15. Ne5 Nxe5 16. dxe5 Nd7 17. g4 Bg6 18. e4 dxe4 19. Nxe4 Nc5 20. Nd6 Bxb1 21. Qxb1 Red8 22. Bd4 Bxd6 23. exd6 Rxd6 24. Be3 Qxb3 25. Bxc5 Qxb1 26. Rxb1 Rd7 27. Be3 Rad8 28. Kh2 f6 29. c5 Kf7 30. Bf3 g6 31. Be2 e5 32. Bc4+ Kg7 33. h4 h6 34. h5 f5 35. gxf5 gxf5 36. Rg1+ Kh7 37. Be6 Rg7 38. Bxf5+ Kh8 39. Bg6 Rd5 40. Bxh6 Rg8 41. Be3 Rf8 42. Be4 Rd7 43. h6 Rdf7 44. h7 Rf6 45. Rg5 R6f7 46. Rxe5 Rg7 47. Bd4 Rxh7+ 48. Rh5+ Kg8 1-0


[Site "https://www.chess.com"]